[ AOE2 MATCH · #470651208 ]
Team EWJapanese vs Franks
[ REPLAY ANALYSIS · EXTRACTED FROM THE RECORDED GAME ]
Feudal
—
Castle
7:41
Imperial
22:32
| APM avg | 13.3 |
| APM peak | 40 |
| eAPM avg | 11.4 |
| Villagers / military | 47 / 174 |
Focus
⚔️ 59.5% · 🌾 40.5%
Samurai ×151 · Battering Ram ×17 · Spearman ×5 · Monk ×1
Feudal
—
Castle
9:55
Imperial
21:59
| APM avg | 21.2 |
| APM peak | 42 |
| eAPM avg | 15.5 |
| Villagers / military | 74 / 177 |
Focus
⚔️ 52.1% · 🌾 47.9%
Magyar Huszar ×70 · Spearman ×41 · Skirmisher ×32 · Cavalry Archer ×13 · Archer ×8 · Battering Ram ×8
Feudal
—
Castle
—
Imperial
—
| APM avg | 12.5 |
| APM peak | 28 |
| eAPM avg | 8.2 |
| Villagers / military | 43 / 24 |
Focus
⚔️ 28.7% · 🌾 71.3%
Throwing Axeman ×12 · Scout Cavalry ×6 · Militia ×4 · Knight ×2
Feudal
—
Castle
7:05
Imperial
20:37
| APM avg | 12.0 |
| APM peak | 29 |
| eAPM avg | 7.6 |
| Villagers / military | 29 / 46 |
Focus
⚔️ 35.0% · 🌾 65.0%
Cavalry Archer ×24 · Camel Scout ×22
Feudal
—
Castle
11:41
Imperial
30:51
| APM avg | 20.9 |
| APM peak | 55 |
| eAPM avg | 13.7 |
| Villagers / military | 48 / 124 |
Focus
⚔️ 40.8% · 🌾 59.2%
Huskarl ×111 · Trade Cart ×32 · Archer ×10 · Monk ×3
Feudal
—
Castle
9:30
Imperial
23:16
| APM avg | 21.0 |
| APM peak | 38 |
| eAPM avg | 15.2 |
| Villagers / military | 92 / 137 |
Focus
⚔️ 42.2% · 🌾 57.8%
Chu Ko Nu ×72 · Spearman ×57 · Trebuchet (Packed) ×5 · Militia ×3
Match map
Resources at game start + every placement click. Thick line = wall · dashed box = detected house wall. 🟡 gold · ⚪ stone · 🟢 berries · 🔶 boar · ⭕ relic
Inputs per minute
— 07jriley - - manigralorenzo
Build order — 07jriley
First 150 of 314 actions detected
| 0:12 | Build | Farm |
| 0:17 | Create | Villager (Male) |
| 0:17 | Create | Villager (Male) |
| 0:17 | Create | Villager (Male) |
| 0:18 | Create | Villager (Male) |
| 0:23 | Build | House |
| 0:28 | Build | House |
| 0:32 | Build | House |
| 0:49 | Build | Farm |
| 1:01 | Create | Villager (Male) |
| 1:12 | Build | Farm |
| 1:21 | Create | Spearman |
| 1:21 | Create | Spearman |
| 1:27 | Create | Villager (Male) |
| 1:38 | Build | Farm |
| 1:40 | Create | Villager (Male) |
| 1:49 | Build | House |
| 1:53 | Build | House |
| 1:56 | Build | Market |
| 2:59 | Build | Palisade Wall |
| 3:02 | Research | Double-Bit Axe |
| 3:18 | Build | Farm |
| 3:20 | Create | Villager (Male) |
| 3:44 | Create | Villager (Male) |
| 3:50 | Build | Farm |
| 4:04 | Build | Mill |
| 4:11 | Create | Villager (Male) |
| 4:12 | Create | Villager (Male) |
| 4:36 | Build | Mining Camp |
| 4:56 | Research | Castle Age |
| 5:12 | Research | Stone Mining |
| 5:31 | Create | Spearman |
| 5:32 | Create | Spearman |
| 5:53 | Research | Gold Mining |
| 5:57 | Create | Villager (Male) |
| 6:05 | Create | Spearman |
| 7:01 | Create | Villager (Male) |
| 7:21 | Research | Forging |
| 7:41 | Age | Castle Age |
| 7:49 | Build | Castle |
| 7:58 | Research | Scale Mail Armor |
| 8:01 | Research | Pikeman (upgrade) |
| 8:26 | Create | Villager (Male) |
| 8:27 | Create | Villager (Male) |
| 8:35 | Research | Gold Shaft Mining |
| 9:00 | Create | Samurai |
| 9:01 | Create | Samurai |
| 9:01 | Create | Samurai |
| 9:02 | Create | Samurai |
| 9:02 | Create | Samurai |
| 9:36 | Create | Samurai |
| 9:54 | Research | Squires |
| 9:59 | Research | Wheelbarrow |
| 10:16 | Build | Town Center |
| 10:22 | Research | Horse Collar |
| 10:30 | Create | Samurai |
| 10:53 | Research | Fletching |
| 11:27 | Create | Villager (Male) |
| 11:28 | Create | Villager (Male) |
| 11:28 | Create | Villager (Male) |
| 11:36 | Create | Villager (Male) |
| 12:07 | Research | Bodkin Arrow |
| 12:18 | Create | Villager (Male) |
| 12:37 | Create | Villager (Male) |
| 12:49 | Build | Farm |
| 12:53 | Create | Villager (Male) |
| 12:56 | Create | Villager (Male) |
| 13:23 | Build | Farm |
| 13:26 | Create | Villager (Male) |
| 13:26 | Create | Villager (Male) |
| 13:30 | Create | Villager (Male) |
| 13:30 | Create | Villager (Male) |
| 13:38 | Build | Farm |
| 14:03 | Build | Monastery |
| 14:13 | Build | Farm |
| 14:17 | Build | Farm |
| 14:24 | Build | Farm |
| 14:26 | Research | Hand Cart |
| 14:28 | Create | Villager (Male) |
| 14:28 | Create | Villager (Male) |
| 14:37 | Build | Farm |
| 14:46 | Create | Monk |
| 15:00 | Research | Arson |
| 15:11 | Build | Farm |
| 15:14 | Research | Town Watch |
| 15:40 | Build | Castle |
| 15:57 | Research | Iron Casting |
| 16:02 | Create | Villager (Male) |
| 16:03 | Create | Villager (Male) |
| 16:03 | Create | Villager (Male) |
| 16:08 | Create | Villager (Male) |
| 16:08 | Create | Villager (Male) |
| 16:08 | Create | Villager (Male) |
| 16:09 | Create | Villager (Male) |
| 16:20 | Build | Farm |
| 16:21 | Build | Farm |
| 16:24 | Build | Farm |
| 16:25 | Build | Farm |
| 17:04 | Build | Siege Workshop |
| 17:07 | Create | Samurai |
| 17:07 | Create | Samurai |
| 17:08 | Create | Samurai |
| 17:08 | Create | Samurai |
| 17:08 | Create | Samurai |
| 17:08 | Create | Samurai |
| 17:09 | Create | Samurai |
| 17:09 | Create | Samurai |
| 17:09 | Create | Samurai |
| 17:09 | Create | Samurai |
| 17:10 | Create | Samurai |
| 17:10 | Create | Samurai |
| 17:42 | Create | Battering Ram |
| 17:42 | Create | Battering Ram |
| 17:48 | Build | Mining Camp |
| 17:56 | Build | Mill |
| 18:01 | Build | Farm |
| 18:02 | Build | Farm |
| 18:04 | Build | Farm |
| 18:06 | Build | Farm |
| 18:07 | Build | Farm |
| 18:09 | Build | Farm |
| 18:15 | Research | Heavy Plow |
| 18:21 | Create | Villager (Male) |
| 18:21 | Create | Villager (Male) |
| 18:41 | Build | Farm |
| 18:54 | Create | Battering Ram |
| 19:22 | Research | Imperial Age |
| 19:27 | Create | Villager (Male) |
| 19:28 | Create | Villager (Male) |
| 19:28 | Create | Villager (Male) |
| 19:50 | Create | Battering Ram |
| 19:53 | Create | Samurai |
| 19:53 | Create | Samurai |
| 19:53 | Create | Samurai |
| 19:54 | Create | Samurai |
| 19:54 | Create | Samurai |
| 22:14 | Research | Chain Mail Armor |
| 22:32 | Age | Imperial Age |
| 22:38 | Research | Conscription |
| 22:39 | Research | Elite Samurai (upgrade) |
| 22:44 | Create | Samurai |
| 22:44 | Create | Samurai |
| 22:45 | Create | Samurai |
| 22:45 | Create | Samurai |
| 22:45 | Create | Samurai |
| 22:46 | Create | Samurai |
| 22:46 | Create | Samurai |
| 22:47 | Create | Samurai |
| 22:47 | Create | Samurai |
| 22:47 | Create | Samurai |
Build order — manigralorenzo
First 150 of 355 actions detected
| 0:34 | Build | Archery Range |
| 0:38 | Research | Double-Bit Axe |
| 0:47 | Build | House |
| 0:48 | Build | House |
| 0:51 | Build | House |
| 0:56 | Research | Wheelbarrow |
| 0:57 | Create | Villager (Male) |
| 1:31 | Create | Villager (Male) |
| 1:37 | Create | Spearman |
| 1:37 | Create | Spearman |
| 1:37 | Create | Spearman |
| 2:22 | Build | Stone Wall |
| 2:25 | Build | Building 490 |
| 2:29 | Create | Spearman |
| 2:32 | Create | Archer |
| 2:32 | Create | Archer |
| 2:33 | Create | Skirmisher |
| 2:33 | Create | Archer |
| 2:34 | Create | Archer |
| 2:44 | Build | Building 487 |
| 2:50 | Create | Villager (Male) |
| 3:10 | Build | House |
| 3:11 | Build | House |
| 3:12 | Build | House |
| 3:16 | Build | House |
| 3:17 | Build | House |
| 3:19 | Build | House |
| 3:24 | Build | Palisade Wall |
| 3:27 | Build | Building 796 |
| 3:37 | Create | Villager (Male) |
| 3:38 | Create | Villager (Male) |
| 3:42 | Create | Archer |
| 3:45 | Research | Fletching |
| 3:45 | Research | Padded Archer Armor |
| 3:54 | Build | Mill |
| 4:04 | Build | Mill |
| 4:17 | Build | Stone Wall |
| 4:21 | Build | Building 673 |
| 4:29 | Create | Villager (Male) |
| 4:44 | Build | Mining Camp |
| 4:57 | Build | House |
| 5:01 | Build | Palisade Gate |
| 5:29 | Create | Spearman |
| 5:35 | Research | Horse Collar |
| 5:45 | Create | Archer |
| 5:46 | Create | Archer |
| 5:53 | Build | House |
| 5:55 | Build | House |
| 5:58 | Build | House |
| 5:59 | Build | House |
| 6:01 | Build | House |
| 6:09 | Build | Stone Wall |
| 6:11 | Build | Building 490 |
| 6:18 | Research | Stone Mining |
| 7:15 | Research | Castle Age |
| 7:22 | Create | Archer |
| 8:02 | Create | Skirmisher |
| 8:02 | Create | Skirmisher |
| 8:06 | Create | Skirmisher |
| 8:58 | Create | Skirmisher |
| 9:21 | Create | Spearman |
| 9:38 | Create | Skirmisher |
| 9:39 | Create | Skirmisher |
| 9:55 | Age | Castle Age |
| 10:01 | Build | Town Center |
| 10:04 | Research | Hand Cart |
| 10:05 | Create | Villager (Male) |
| 10:09 | Research | Bow Saw |
| 10:42 | Build | Castle |
| 10:51 | Create | Skirmisher |
| 10:51 | Create | Skirmisher |
| 11:10 | Research | Scale Mail Armor |
| 11:14 | Create | Villager (Male) |
| 11:14 | Create | Villager (Male) |
| 11:15 | Create | Villager (Male) |
| 11:31 | Create | Villager (Male) |
| 11:31 | Create | Villager (Male) |
| 11:37 | Build | Farm |
| 11:39 | Build | Farm |
| 11:40 | Build | Farm |
| 11:40 | Build | Farm |
| 12:07 | Build | Siege Workshop |
| 12:21 | Create | Villager (Male) |
| 12:21 | Create | Villager (Male) |
| 12:22 | Create | Villager (Male) |
| 12:32 | Build | University |
| 12:45 | Create | Villager (Male) |
| 12:46 | Create | Villager (Male) |
| 13:09 | Create | Magyar Huszar |
| 13:09 | Create | Magyar Huszar |
| 13:09 | Create | Magyar Huszar |
| 13:10 | Create | Magyar Huszar |
| 13:23 | Build | Farm |
| 13:24 | Build | Farm |
| 13:31 | Create | Villager (Male) |
| 13:32 | Create | Villager (Male) |
| 13:32 | Create | Villager (Male) |
| 13:36 | Create | Villager (Male) |
| 13:36 | Create | Villager (Male) |
| 13:36 | Create | Villager (Male) |
| 13:53 | Build | Farm |
| 14:00 | Create | Battering Ram |
| 14:01 | Create | Battering Ram |
| 14:01 | Create | Battering Ram |
| 14:01 | Create | Battering Ram |
| 14:01 | Create | Battering Ram |
| 14:29 | Create | Villager (Male) |
| 14:29 | Create | Villager (Male) |
| 14:29 | Create | Villager (Male) |
| 14:29 | Create | Villager (Male) |
| 14:30 | Create | Villager (Male) |
| 14:34 | Create | Villager (Male) |
| 14:34 | Create | Villager (Male) |
| 14:45 | Build | Market |
| 14:53 | Research | Bodkin Arrow |
| 15:11 | Create | Villager (Male) |
| 15:12 | Create | Villager (Male) |
| 15:12 | Create | Villager (Male) |
| 15:12 | Create | Villager (Male) |
| 15:34 | Create | Battering Ram |
| 15:34 | Create | Battering Ram |
| 15:48 | Build | Town Center |
| 16:10 | Research | Corvinian Army |
| 16:40 | Create | Battering Ram |
| 16:46 | Create | Villager (Male) |
| 16:46 | Create | Villager (Male) |
| 16:48 | Research | Gold Mining |
| 18:49 | Research | Imperial Age |
| 19:07 | Build | Mill |
| 19:15 | Build | Archery Range |
| 19:16 | Build | Archery Range |
| 19:21 | Research | Leather Archer Armor |
| 19:24 | Create | Villager (Male) |
| 19:24 | Create | Villager (Male) |
| 19:24 | Create | Villager (Male) |
| 19:37 | Build | Monastery |
| 19:50 | Create | Magyar Huszar |
| 19:50 | Create | Magyar Huszar |
| 19:50 | Create | Magyar Huszar |
| 19:50 | Create | Magyar Huszar |
| 19:51 | Create | Magyar Huszar |
| 19:51 | Create | Magyar Huszar |
| 19:51 | Create | Magyar Huszar |
| 20:47 | Create | Magyar Huszar |
| 20:47 | Create | Magyar Huszar |
| 20:48 | Create | Magyar Huszar |
| 20:48 | Create | Magyar Huszar |
| 20:48 | Create | Magyar Huszar |
| 20:48 | Create | Magyar Huszar |
| 20:49 | Create | Magyar Huszar |
Build order — Resid3nt Evil 3
First 150 of 167 actions detected
| 0:07 | Create | Villager (Male) |
| 0:08 | Create | Villager (Male) |
| 0:08 | Create | Villager (Male) |
| 0:09 | Create | Villager (Male) |
| 0:26 | Build | Mining Camp |
| 0:35 | Build | House |
| 0:36 | Build | House |
| 0:39 | Build | House |
| 0:56 | Create | Villager (Male) |
| 1:43 | Build | Stone Wall |
| 1:52 | Build | Stone Wall |
| 2:06 | Create | Villager (Male) |
| 2:07 | Create | Villager (Male) |
| 2:07 | Create | Villager (Male) |
| 2:49 | Build | Stone Wall |
| 3:06 | Create | Villager (Male) |
| 3:06 | Create | Villager (Male) |
| 3:49 | Build | Mill |
| 4:35 | Build | Farm |
| 4:47 | Build | Stone Wall |
| 4:53 | Build | Stone Wall |
| 5:04 | Build | Stone Wall |
| 5:13 | Build | Farm |
| 5:16 | Create | Villager (Male) |
| 5:16 | Create | Villager (Male) |
| 5:17 | Create | Villager (Male) |
| 5:17 | Create | Villager (Male) |
| 5:54 | Build | Market |
| 5:57 | Research | Double-Bit Axe |
| 6:01 | Research | Gold Mining |
| 6:09 | Create | Villager (Male) |
| 6:10 | Create | Villager (Male) |
| 6:11 | Research | Wheelbarrow |
| 6:45 | Build | Farm |
| 7:17 | Build | Stone Wall |
| 7:22 | Build | Farm |
| 7:24 | Build | Farm |
| 7:27 | Build | Farm |
| 7:47 | Build | Mining Camp |
| 7:58 | Build | Farm |
| 8:23 | Build | Stone Wall |
| 8:30 | Build | Stone Wall |
| 8:34 | Build | Stone Wall |
| 9:04 | Build | Stone Wall |
| 9:20 | Create | Militia |
| 9:20 | Create | Militia |
| 9:21 | Create | Militia |
| 9:21 | Create | Militia |
| 10:14 | Research | Castle Age |
| 11:52 | Build | Stable |
| 11:55 | Build | Stable |
| 12:17 | Create | Scout Cavalry |
| 12:18 | Create | Scout Cavalry |
| 12:41 | Create | Scout Cavalry |
| 12:41 | Create | Scout Cavalry |
| 13:21 | Create | Scout Cavalry |
| 13:21 | Create | Scout Cavalry |
| 14:01 | Build | House |
| 14:02 | Build | House |
| 14:02 | Build | House |
| 14:06 | Build | House |
| 14:08 | Build | House |
| 14:08 | Build | House |
| 14:09 | Build | House |
| 14:09 | Build | House |
| 14:10 | Build | House |
| 15:08 | Build | Castle |
| 15:19 | Build | Stone Wall |
| 15:25 | Research | Gold Shaft Mining |
| 15:30 | Create | Villager (Male) |
| 15:30 | Create | Villager (Male) |
| 15:30 | Create | Villager (Male) |
| 16:17 | Build | Stone Wall |
| 17:13 | Create | Throwing Axeman |
| 17:14 | Create | Throwing Axeman |
| 17:14 | Create | Throwing Axeman |
| 17:22 | Build | Stone Wall |
| 17:38 | Build | Stone Wall |
| 18:04 | Build | Town Center |
| 18:17 | Research | Hand Cart |
| 18:39 | Build | Stone Wall |
| 18:45 | Create | Throwing Axeman |
| 18:45 | Create | Throwing Axeman |
| 18:45 | Create | Throwing Axeman |
| 18:46 | Create | Throwing Axeman |
| 18:46 | Create | Throwing Axeman |
| 18:46 | Create | Throwing Axeman |
| 18:51 | Research | Fletching |
| 19:06 | Build | Farm |
| 19:19 | Create | Villager (Male) |
| 19:19 | Create | Villager (Male) |
| 19:20 | Create | Villager (Male) |
| 19:20 | Create | Villager (Male) |
| 19:57 | Build | Stone Wall |
| 20:12 | Build | Stone Wall |
| 20:18 | Build | Farm |
| 20:20 | Build | Farm |
| 21:19 | Create | Knight |
| 21:19 | Create | Knight |
| 24:08 | Build | Town Center |
| 24:28 | Build | Stone Wall |
| 25:19 | Build | Farm |
| 25:22 | Build | Farm |
| 25:28 | Build | Farm |
| 25:30 | Build | Farm |
| 25:34 | Build | Farm |
| 25:37 | Build | Farm |
| 25:41 | Build | Farm |
| 25:45 | Research | Town Watch |
| 26:19 | Build | Castle |
| 26:23 | Create | Villager (Male) |
| 26:23 | Create | Villager (Male) |
| 26:24 | Create | Villager (Male) |
| 26:24 | Create | Villager (Male) |
| 26:24 | Create | Villager (Male) |
| 26:24 | Create | Villager (Male) |
| 26:37 | Build | Mill |
| 26:51 | Create | Villager (Male) |
| 26:52 | Create | Villager (Male) |
| 26:52 | Create | Villager (Male) |
| 26:52 | Create | Villager (Male) |
| 28:04 | Create | Throwing Axeman |
| 28:04 | Create | Throwing Axeman |
| 28:05 | Create | Throwing Axeman |
| 30:04 | Build | Stone Wall |
| 30:20 | Build | Stone Wall |
| 31:05 | Build | Mill |
| 31:09 | Create | Villager (Male) |
| 31:10 | Create | Villager (Male) |
| 31:10 | Create | Villager (Male) |
| 31:10 | Create | Villager (Male) |
| 31:11 | Create | Villager (Male) |
| 31:11 | Create | Villager (Male) |
| 31:11 | Create | Villager (Male) |
| 31:11 | Create | Villager (Male) |
| 31:29 | Build | Farm |
| 31:30 | Build | Farm |
| 31:31 | Build | Farm |
| 31:35 | Build | Farm |
| 31:38 | Build | Farm |
| 31:42 | Build | Farm |
| 31:44 | Build | Farm |
| 31:45 | Build | Farm |
| 31:46 | Build | Farm |
| 31:48 | Build | Farm |
| 31:50 | Build | Farm |
| 31:52 | Build | Farm |
| 31:53 | Build | Farm |
| 31:54 | Build | Farm |
| 31:56 | Build | Farm |
Build order — rafaelaguilar34
First 150 of 157 actions detected
| 0:14 | Build | Farm |
| 0:17 | Research | Wheelbarrow |
| 0:55 | Research | Double-Bit Axe |
| 1:34 | Build | Archery Range |
| 2:42 | Build | Mill |
| 2:49 | Create | Villager (Male) |
| 2:49 | Create | Villager (Male) |
| 2:50 | Create | Villager (Male) |
| 3:10 | Build | Blacksmith |
| 3:18 | Build | Market |
| 3:26 | Research | Horse Collar |
| 4:25 | Research | Castle Age |
| 4:47 | Build | Archery Range |
| 5:12 | Build | House |
| 5:15 | Build | House |
| 5:34 | Build | House |
| 5:49 | Research | Forging |
| 5:53 | Research | Fletching |
| 5:54 | Research | Padded Archer Armor |
| 6:26 | Build | Watch Tower |
| 7:05 | Age | Castle Age |
| 7:10 | Research | Hand Cart |
| 7:18 | Create | Cavalry Archer |
| 7:19 | Create | Cavalry Archer |
| 7:20 | Create | Cavalry Archer |
| 7:20 | Create | Cavalry Archer |
| 7:30 | Build | Mining Camp |
| 8:06 | Research | Gold Mining |
| 8:30 | Research | Bow Saw |
| 9:00 | Create | Villager (Male) |
| 9:00 | Create | Villager (Male) |
| 9:01 | Create | Villager (Male) |
| 9:01 | Create | Villager (Male) |
| 9:01 | Create | Villager (Male) |
| 9:15 | Create | Cavalry Archer |
| 9:16 | Create | Cavalry Archer |
| 10:11 | Research | Stone Mining |
| 10:51 | Create | Villager (Male) |
| 10:51 | Create | Villager (Male) |
| 10:52 | Create | Villager (Male) |
| 10:52 | Create | Villager (Male) |
| 10:52 | Create | Villager (Male) |
| 11:14 | Research | Thumb Ring |
| 11:54 | Build | Town Center |
| 12:27 | Build | University |
| 12:36 | Build | Stable |
| 12:50 | Build | House |
| 12:54 | Build | House |
| 12:57 | Build | House |
| 13:03 | Create | Cavalry Archer |
| 13:03 | Create | Cavalry Archer |
| 13:25 | Research | Husbandry |
| 13:32 | Create | Cavalry Archer |
| 13:32 | Create | Cavalry Archer |
| 14:11 | Create | Villager (Male) |
| 14:11 | Create | Villager (Male) |
| 14:11 | Create | Villager (Male) |
| 14:11 | Create | Villager (Male) |
| 14:30 | Build | Farm |
| 14:34 | Build | Farm |
| 14:47 | Research | Ballistics |
| 15:13 | Build | House |
| 15:16 | Build | House |
| 15:21 | Build | Monastery |
| 15:33 | Research | Gold Shaft Mining |
| 15:39 | Research | Heavy Plow |
| 16:11 | Research | Bodkin Arrow |
| 16:13 | Research | Leather Archer Armor |
| 16:31 | Build | Castle |
| 17:00 | Build | Farm |
| 17:08 | Build | Farm |
| 17:28 | Research | Imperial Age |
| 17:32 | Create | Villager (Male) |
| 17:32 | Create | Villager (Male) |
| 17:44 | Create | Camel Scout |
| 17:45 | Create | Camel Scout |
| 18:20 | Create | Camel Scout |
| 18:20 | Create | Camel Scout |
| 18:20 | Create | Camel Scout |
| 19:09 | Build | House |
| 19:17 | Build | Farm |
| 19:24 | Build | Farm |
| 20:08 | Build | Farm |
| 20:14 | Build | Farm |
| 20:20 | Build | Farm |
| 20:37 | Age | Imperial Age |
| 20:49 | Research | Heavy Camel Rider (upgrade) |
| 21:00 | Build | Stable |
| 21:09 | Research | Crop Rotation |
| 21:52 | Build | Farm |
| 21:56 | Build | Farm |
| 22:07 | Create | Camel Scout |
| 22:07 | Create | Camel Scout |
| 22:12 | Research | Iron Casting |
| 22:58 | Build | Farm |
| 23:01 | Build | Farm |
| 23:05 | Create | Villager (Male) |
| 23:05 | Create | Villager (Male) |
| 23:05 | Create | Villager (Male) |
| 23:21 | Build | Castle |
| 23:35 | Research | Scale Barding Armor |
| 23:48 | Build | Farm |
| 23:56 | Build | Farm |
| 24:08 | Create | Cavalry Archer |
| 24:09 | Create | Cavalry Archer |
| 24:12 | Create | Cavalry Archer |
| 24:12 | Create | Cavalry Archer |
| 24:16 | Create | Camel Scout |
| 24:17 | Create | Camel Scout |
| 24:43 | Research | Bracer |
| 25:30 | Research | Chemistry |
| 25:41 | Build | Farm |
| 25:45 | Build | Farm |
| 25:52 | Build | Farm |
| 25:58 | Build | Mill |
| 26:02 | Build | Farm |
| 26:09 | Build | Farm |
| 26:20 | Build | Farm |
| 26:24 | Build | Farm |
| 26:37 | Research | Hoardings |
| 26:39 | Research | Conscription |
| 26:52 | Create | Cavalry Archer |
| 26:52 | Create | Cavalry Archer |
| 26:53 | Create | Cavalry Archer |
| 26:53 | Create | Cavalry Archer |
| 27:10 | Build | Mining Camp |
| 27:59 | Create | Villager (Male) |
| 27:59 | Create | Villager (Male) |
| 28:00 | Create | Villager (Male) |
| 28:00 | Create | Villager (Male) |
| 28:05 | Build | Mining Camp |
| 28:33 | Research | Chain Barding Armor |
| 28:41 | Research | Ring Archer Armor |
| 29:08 | Create | Villager (Male) |
| 29:08 | Create | Villager (Male) |
| 29:12 | Create | Villager (Male) |
| 29:40 | Research | Murder Holes |
| 30:06 | Research | Heavy Cavalry Archer (upgrade) |
| 31:06 | Create | Camel Scout |
| 31:07 | Create | Camel Scout |
| 31:07 | Create | Camel Scout |
| 31:07 | Create | Camel Scout |
| 31:07 | Create | Camel Scout |
| 31:07 | Create | Camel Scout |
| 31:08 | Create | Camel Scout |
| 33:16 | Create | Camel Scout |
| 33:16 | Create | Camel Scout |
| 33:17 | Create | Camel Scout |
| 33:17 | Create | Camel Scout |
| 33:17 | Create | Camel Scout |
Build order — XmenT
First 150 of 311 actions detected
| 0:08 | Create | Villager (Male) |
| 0:08 | Create | Villager (Male) |
| 0:08 | Create | Villager (Male) |
| 0:09 | Create | Villager (Male) |
| 0:53 | Build | Archery Range |
| 1:07 | Research | Double-Bit Axe |
| 1:13 | Build | House |
| 1:14 | Build | House |
| 1:15 | Build | House |
| 1:16 | Build | House |
| 1:17 | Build | House |
| 1:26 | Create | Villager (Male) |
| 1:27 | Create | Villager (Male) |
| 1:27 | Create | Villager (Male) |
| 1:57 | Create | Archer |
| 1:58 | Create | Archer |
| 1:58 | Create | Archer |
| 1:58 | Create | Archer |
| 1:59 | Create | Archer |
| 2:52 | Create | Villager (Male) |
| 2:52 | Create | Villager (Male) |
| 2:52 | Create | Villager (Male) |
| 2:53 | Create | Villager (Male) |
| 3:10 | Research | Fletching |
| 3:19 | Build | Farm |
| 3:54 | Build | Farm |
| 4:00 | Build | Mining Camp |
| 4:14 | Create | Villager (Male) |
| 4:14 | Create | Villager (Male) |
| 4:26 | Research | Padded Archer Armor |
| 4:41 | Create | Villager (Male) |
| 5:07 | Build | Farm |
| 5:09 | Build | Farm |
| 5:12 | Build | Farm |
| 5:16 | Build | Farm |
| 5:18 | Build | Farm |
| 5:22 | Create | Villager (Male) |
| 5:41 | Build | Market |
| 5:43 | Build | Market |
| 5:44 | Build | Market |
| 5:53 | Create | Villager (Male) |
| 5:54 | Create | Villager (Male) |
| 6:44 | Create | Villager (Male) |
| 6:44 | Create | Villager (Male) |
| 7:24 | Create | Archer |
| 7:24 | Create | Archer |
| 7:24 | Create | Archer |
| 7:25 | Create | Archer |
| 7:26 | Create | Archer |
| 7:30 | Research | Gold Mining |
| 7:33 | Create | Villager (Male) |
| 8:22 | Build | House |
| 8:24 | Build | House |
| 9:01 | Research | Castle Age |
| 9:09 | Build | Mill |
| 9:13 | Build | Farm |
| 11:01 | Research | Stone Mining |
| 11:11 | Build | Lumber Camp |
| 11:41 | Age | Castle Age |
| 11:59 | Research | Crossbowman (upgrade) |
| 12:04 | Research | Bow Saw |
| 12:07 | Build | Farm |
| 12:11 | Create | Villager (Male) |
| 12:11 | Create | Villager (Male) |
| 12:11 | Create | Villager (Male) |
| 12:12 | Create | Villager (Male) |
| 12:26 | Build | Castle |
| 12:44 | Research | Horse Collar |
| 12:55 | Research | Bodkin Arrow |
| 12:56 | Research | Leather Archer Armor |
| 13:33 | Research | Man-at-Arms (upgrade) |
| 13:45 | Build | Farm |
| 13:52 | Build | Farm |
| 14:10 | Build | House |
| 14:11 | Build | House |
| 14:11 | Build | House |
| 14:18 | Research | Caravan |
| 14:19 | Create | Trade Cart |
| 14:19 | Create | Trade Cart |
| 14:19 | Create | Trade Cart |
| 14:20 | Create | Trade Cart |
| 14:20 | Create | Trade Cart |
| 14:20 | Create | Trade Cart |
| 14:21 | Create | Trade Cart |
| 14:21 | Create | Trade Cart |
| 14:21 | Create | Trade Cart |
| 14:22 | Create | Trade Cart |
| 14:28 | Build | Town Center |
| 15:00 | Research | Forging |
| 15:00 | Research | Scale Mail Armor |
| 15:03 | Research | Squires |
| 15:12 | Create | Villager (Male) |
| 15:13 | Create | Villager (Male) |
| 15:13 | Create | Villager (Male) |
| 15:23 | Create | Huskarl |
| 15:37 | Build | Mining Camp |
| 15:39 | Create | Huskarl |
| 15:46 | Create | Huskarl |
| 16:05 | Create | Trade Cart |
| 16:06 | Create | Trade Cart |
| 16:50 | Create | Huskarl |
| 16:51 | Create | Huskarl |
| 16:51 | Create | Huskarl |
| 16:51 | Create | Huskarl |
| 17:06 | Create | Huskarl |
| 17:24 | Create | Huskarl |
| 17:24 | Create | Huskarl |
| 17:28 | Build | Farm |
| 17:31 | Build | Farm |
| 17:34 | Build | Farm |
| 17:35 | Build | Farm |
| 17:41 | Build | Farm |
| 17:46 | Create | Trade Cart |
| 17:47 | Create | Trade Cart |
| 17:47 | Create | Trade Cart |
| 17:49 | Create | Trade Cart |
| 17:49 | Create | Trade Cart |
| 18:08 | Research | Iron Casting |
| 18:16 | Build | House |
| 18:16 | Build | House |
| 18:20 | Build | House |
| 18:27 | Create | Trade Cart |
| 18:37 | Create | Huskarl |
| 18:38 | Create | Huskarl |
| 18:38 | Create | Huskarl |
| 18:39 | Create | Huskarl |
| 18:41 | Create | Huskarl |
| 19:00 | Create | Trade Cart |
| 19:00 | Create | Trade Cart |
| 19:07 | Create | Villager (Male) |
| 19:07 | Create | Villager (Male) |
| 19:07 | Create | Villager (Male) |
| 19:08 | Create | Villager (Male) |
| 19:15 | Create | Huskarl |
| 19:48 | Create | Huskarl |
| 19:48 | Create | Huskarl |
| 19:57 | Create | Trade Cart |
| 19:57 | Create | Trade Cart |
| 19:58 | Create | Trade Cart |
| 20:38 | Build | Castle |
| 20:44 | Create | Huskarl |
| 20:45 | Create | Huskarl |
| 20:45 | Create | Huskarl |
| 21:02 | Create | Huskarl |
| 21:03 | Create | Huskarl |
| 21:56 | Create | Huskarl |
| 21:57 | Create | Huskarl |
| 21:58 | Create | Huskarl |
| 22:30 | Research | Chain Mail Armor |
| 22:33 | Research | Wheelbarrow |
Build order — PhalanxFlex
First 150 of 364 actions detected
| 0:45 | Create | Villager (Male) |
| 0:46 | Create | Villager (Male) |
| 0:57 | Create | Villager (Male) |
| 0:57 | Create | Villager (Male) |
| 0:57 | Create | Villager (Male) |
| 1:30 | Create | Villager (Male) |
| 1:30 | Create | Villager (Male) |
| 1:41 | Create | Villager (Male) |
| 1:49 | Build | Mill |
| 1:50 | Create | Villager (Male) |
| 1:50 | Create | Villager (Male) |
| 2:25 | Research | Gold Mining |
| 2:54 | Create | Villager (Male) |
| 2:59 | Create | Villager (Male) |
| 3:08 | Create | Spearman |
| 3:08 | Create | Spearman |
| 3:09 | Create | Spearman |
| 3:16 | Build | House |
| 3:17 | Build | House |
| 3:18 | Build | House |
| 3:22 | Create | Villager (Male) |
| 3:29 | Build | Farm |
| 3:30 | Build | Farm |
| 3:30 | Build | Farm |
| 3:30 | Build | Farm |
| 3:31 | Build | Farm |
| 3:38 | Build | Farm |
| 3:39 | Build | Farm |
| 3:39 | Build | Farm |
| 3:39 | Build | Farm |
| 3:40 | Build | Farm |
| 3:40 | Build | Farm |
| 3:43 | Create | Villager (Male) |
| 3:44 | Create | Villager (Male) |
| 3:50 | Build | Farm |
| 4:02 | Build | Palisade Wall |
| 4:11 | Build | Palisade Wall |
| 4:13 | Create | Villager (Male) |
| 4:24 | Build | Palisade Wall |
| 4:35 | Create | Villager (Male) |
| 5:24 | Build | Palisade Wall |
| 5:33 | Create | Villager (Male) |
| 5:47 | Build | Palisade Wall |
| 6:07 | Build | Market |
| 6:50 | Research | Castle Age |
| 6:51 | Research | Castle Age |
| 6:51 | Research | Castle Age |
| 7:14 | Build | Building 490 |
| 7:39 | Create | Militia |
| 7:39 | Create | Militia |
| 7:41 | Research | Man-at-Arms (upgrade) |
| 8:05 | Research | Wheelbarrow |
| 8:59 | Create | Militia |
| 9:30 | Age | Castle Age |
| 9:33 | Build | Town Center |
| 10:08 | Build | Town Center |
| 10:14 | Create | Villager (Male) |
| 10:14 | Create | Villager (Male) |
| 10:15 | Create | Villager (Male) |
| 10:21 | Create | Villager (Male) |
| 10:27 | Research | Gold Shaft Mining |
| 10:28 | Research | Stone Mining |
| 10:33 | Create | Villager (Male) |
| 10:34 | Create | Villager (Male) |
| 10:34 | Create | Villager (Male) |
| 10:34 | Create | Villager (Male) |
| 10:37 | Create | Villager (Male) |
| 10:48 | Build | Building 490 |
| 11:12 | Build | Stone Wall |
| 11:18 | Create | Villager (Male) |
| 11:23 | Research | Double-Bit Axe |
| 11:26 | Create | Villager (Male) |
| 11:36 | Build | Farm |
| 11:36 | Build | Farm |
| 11:37 | Build | Farm |
| 11:37 | Build | Farm |
| 11:37 | Build | Farm |
| 11:37 | Build | Farm |
| 11:38 | Build | Farm |
| 11:38 | Build | Farm |
| 11:38 | Build | Farm |
| 11:40 | Create | Villager (Male) |
| 11:41 | Create | Villager (Male) |
| 12:21 | Build | House |
| 12:23 | Build | House |
| 12:41 | Research | Bow Saw |
| 12:50 | Create | Villager (Male) |
| 12:50 | Create | Villager (Male) |
| 12:51 | Create | Villager (Male) |
| 12:51 | Create | Villager (Male) |
| 13:19 | Create | Villager (Male) |
| 13:21 | Create | Villager (Male) |
| 13:29 | Research | Hand Cart |
| 14:23 | Build | Castle |
| 14:25 | Create | Villager (Male) |
| 14:25 | Create | Villager (Male) |
| 14:26 | Create | Villager (Male) |
| 14:29 | Create | Villager (Male) |
| 14:29 | Create | Villager (Male) |
| 14:29 | Create | Villager (Male) |
| 14:30 | Create | Villager (Male) |
| 14:30 | Create | Villager (Male) |
| 14:43 | Build | Farm |
| 14:44 | Create | Villager (Male) |
| 14:44 | Create | Villager (Male) |
| 14:47 | Create | Villager (Male) |
| 14:48 | Create | Villager (Male) |
| 14:48 | Create | Villager (Male) |
| 14:49 | Create | Villager (Male) |
| 14:51 | Build | Farm |
| 14:52 | Build | Farm |
| 14:52 | Build | Farm |
| 14:52 | Build | Farm |
| 14:53 | Build | Farm |
| 14:53 | Build | Farm |
| 14:53 | Build | Farm |
| 14:54 | Build | Farm |
| 14:54 | Build | Farm |
| 15:08 | Build | House |
| 15:09 | Build | House |
| 15:11 | Build | House |
| 15:14 | Build | House |
| 15:14 | Build | House |
| 15:15 | Build | House |
| 15:15 | Build | House |
| 15:15 | Build | House |
| 15:15 | Build | House |
| 15:21 | Create | Villager (Male) |
| 15:22 | Create | Villager (Male) |
| 15:22 | Create | Villager (Male) |
| 15:27 | Build | Lumber Camp |
| 15:40 | Build | Farm |
| 15:40 | Build | Farm |
| 15:44 | Create | Villager (Male) |
| 15:52 | Create | Chu Ko Nu |
| 15:52 | Create | Chu Ko Nu |
| 15:52 | Create | Chu Ko Nu |
| 15:52 | Create | Chu Ko Nu |
| 15:53 | Create | Chu Ko Nu |
| 15:53 | Create | Chu Ko Nu |
| 15:54 | Create | Chu Ko Nu |
| 15:54 | Create | Chu Ko Nu |
| 15:54 | Create | Chu Ko Nu |
| 15:55 | Create | Chu Ko Nu |
| 15:57 | Create | Chu Ko Nu |
| 15:59 | Create | Chu Ko Nu |
| 16:16 | Research | Fletching |
| 16:17 | Research | Padded Archer Armor |
| 16:19 | Create | Chu Ko Nu |
| 16:50 | Build | Castle |
Match timeline
| 0:34 | manigralorenzo · first_building Archery Range |
| 0:53 | XmenT · first_building Archery Range |
| 1:34 | rafaelaguilar34 · first_building Archery Range |
| 1:43 | Resid3nt Evil 3 · wall_segment Stone Wall x11 |
| 1:52 | Resid3nt Evil 3 · wall_segment Stone Wall x12 |
| 2:22 | manigralorenzo · wall_segment Stone Wall x5 |
| 2:49 | Resid3nt Evil 3 · wall_segment Stone Wall x9 |
| 2:59 | 07jriley · wall_segment Palisade Wall x12 |
| 3:24 | manigralorenzo · wall_segment Palisade Wall x4 |
| 4:02 | PhalanxFlex · wall_segment Palisade Wall x11 |
| 4:11 | PhalanxFlex · wall_segment Palisade Wall x7 |
| 4:17 | manigralorenzo · wall_segment Stone Wall x6 |
| 4:24 | PhalanxFlex · wall_segment Palisade Wall x4 |
| 4:47 | Resid3nt Evil 3 · wall_segment Stone Wall x6 |
| 4:53 | Resid3nt Evil 3 · wall_segment Stone Wall x8 |
| 5:04 | Resid3nt Evil 3 · wall_segment Stone Wall x3 |
| 5:24 | PhalanxFlex · wall_segment Palisade Wall x12 |
| 5:47 | PhalanxFlex · wall_segment Palisade Wall x8 |
| 6:09 | manigralorenzo · wall_segment Stone Wall x4 |
| 7:05 | rafaelaguilar34 · age_up castle |
| 7:17 | Resid3nt Evil 3 · wall_segment Stone Wall x4 |
| 7:41 | 07jriley · age_up castle |
| 7:49 | 07jriley · first_building Castle |
| 8:23 | Resid3nt Evil 3 · wall_segment Stone Wall x9 |
| 8:30 | Resid3nt Evil 3 · wall_segment Stone Wall x11 |
| 8:34 | Resid3nt Evil 3 · wall_segment Stone Wall x8 |
| 9:04 | Resid3nt Evil 3 · wall_segment Stone Wall x3 |
| 9:30 | PhalanxFlex · age_up castle |
| 9:55 | manigralorenzo · age_up castle |
| 9:59 | PhalanxFlex · first_market_buy 100 stone |
| 10:09 | Resid3nt Evil 3 · first_market_buy 100 food |
| 10:42 | manigralorenzo · first_building Castle |
| 11:12 | PhalanxFlex · wall_segment Stone Wall x6 |
| 11:41 | XmenT · age_up castle |
| 11:52 | Resid3nt Evil 3 · first_building Stable |
| 12:07 | manigralorenzo · first_building Siege Workshop |
| 12:26 | XmenT · first_building Castle |
| 12:36 | rafaelaguilar34 · first_building Stable |
| 14:03 | 07jriley · first_building Monastery |
| 14:23 | PhalanxFlex · first_building Castle |
| 14:55 | Resid3nt Evil 3 · first_market_sell 100 wood |
| 15:08 | Resid3nt Evil 3 · first_building Castle |
| 15:19 | Resid3nt Evil 3 · wall_segment Stone Wall x11 |
| 15:21 | rafaelaguilar34 · first_building Monastery |
| 15:52 | manigralorenzo · first_market_sell 100 wood |
| 16:17 | Resid3nt Evil 3 · wall_segment Stone Wall x9 |
| 16:31 | rafaelaguilar34 · first_building Castle |
| 17:04 | 07jriley · first_building Siege Workshop |
| 17:22 | Resid3nt Evil 3 · wall_segment Stone Wall x4 |
| 17:24 | rafaelaguilar34 · first_market_sell 100 wood |
| 17:38 | Resid3nt Evil 3 · wall_segment Stone Wall x10 |
| 18:39 | Resid3nt Evil 3 · wall_segment Stone Wall x9 |
| 19:37 | manigralorenzo · first_building Monastery |
| 19:40 | PhalanxFlex · first_building Barracks |
| 19:49 | rafaelaguilar34 · first_market_buy 100 food |
| 19:57 | Resid3nt Evil 3 · wall_segment Stone Wall x7 |
| 20:12 | Resid3nt Evil 3 · wall_segment Stone Wall x8 |
| 20:24 | XmenT · first_market_buy 100 stone |
| 20:37 | rafaelaguilar34 · age_up imperial |
| 21:21 | manigralorenzo · first_market_buy 100 stone |
| 21:59 | manigralorenzo · age_up imperial |
| 22:32 | 07jriley · age_up imperial |
| 23:11 | manigralorenzo · wall_segment Stone Wall x15 |
| 23:16 | PhalanxFlex · age_up imperial |
| 23:16 | manigralorenzo · wall_segment Stone Wall x5 |
| 24:28 | Resid3nt Evil 3 · wall_segment Stone Wall x1 |
| 25:23 | 07jriley · first_market_buy 100 stone |
| 25:46 | manigralorenzo · first_building Stable |
| 25:48 | XmenT · first_building Monastery |
| 26:13 | manigralorenzo · first_building Barracks |
| 26:19 | PhalanxFlex · first_building Siege Workshop |
| 27:25 | XmenT · first_building Barracks |
| 28:16 | manigralorenzo · wall_segment Stone Wall x7 |
| 30:04 | Resid3nt Evil 3 · wall_segment Stone Wall x4 |
| 30:20 | Resid3nt Evil 3 · wall_segment Stone Wall x1 |
| 30:51 | XmenT · age_up imperial |
| 32:01 | PhalanxFlex · wall_segment Stone Wall x6 |
| 33:07 | XmenT · first_building Stable |
| 37:27 | PhalanxFlex · resign |
[ AI ANALYSIS · 1 CREDIT ]
What really happened in this match?
Wolo.gg analyzes every decision: build order, eco, micro, common mistakes by bracket. Personalized analysis on WhatsApp or Discord in 30 seconds.
Civ guide
Japanese
Map guide
Morass
Perfil
07jriley